 Dungeon Crawl Stone Soup version 0.30-a0-365-ge7f957f1db (webtiles) character file.

Game seed: 8322419034149053056

74 Manisia the Poker (level 4, -5/27 HPs)
             Began as a Tengu Wanderer on Nov 17, 2022.
             Slain by Sigmund
             ... wielding a +2 vampiric scythe
              (15 damage)
             ... on level 2 of the Dungeon.
             The game lasted 00:02:52 (807 turns).

Manisia the Poker (Tengu Wanderer)                   Turns: 807, Time: 00:02:53

Health: -5/27      AC:  3    Str: 13 (15) XL:     4   Next: 28%
Magic:  6/6        EV: 10    Int:  8 (11) God:
Gold:   72         SH:  4    Dex: 13 (14) Spells: 4/5 levels left

rFire   + . .      SeeInvis .    a - +1 trident
rCold   . . .      Faith    .    b - +0 buckler
rNeg    . . .      Spirit   .    d - +0 leather armour
rPois   .          Reflect  .    (helmet restricted)
rElec   .          Harm     .    (no cloak)
rCorr   .          Rampage  .    (no gloves)
Will    .....                    (boots unavailable)
Stlth   +.........               h - amulet of regeneration
HPRegen 1.04/turn                j - ring of protection from fire
MPRegen 0.10/turn                (no ring)

@: no status effects
A: beak, talons 3
a: no special abilities


You were on level 2 of the Dungeon.
You visited 1 branch of the dungeon, and saw 2 of its levels.

You collected 72 gold pieces.

Inventory:

Hand Weapons
 a - a +1 trident (weapon)
Missiles
 e - 4 silver javelins
 i - 12 stones (quivered)
Armour
 b - a +0 buckler (worn)
 d - a +0 leather armour (worn)
Jewellery
 h - an amulet of regeneration (around neck)
 j - a ring of protection from fire (left hand)
Scrolls
 c - a scroll of vulnerability
Potions
 f - a potion of degeneration
 g - a potion of brilliance
 k - a potion of lignification
 l - a potion of curing {unknown}
 m - a potion of flight {unknown}
 n - a potion of cancellation {unknown}
 o - a potion of ambrosia {unknown}


   Skills:
 + Level 2.6 Fighting
 + Level 3.3 Polearms
 + Level 2.8 Armour
 + Level 0.4 Dodging
 + Level 0.8 Stealth
 + Level 2.3 Shields
 - Level 1.0 Spellcasting
 - Level 1.0 Transmutations


You had 4 spell levels left.
You knew the following spells:

 Your Spells              Type           Power      Damage    Failure   Level
a - Beastly Appendage     Tmut           4%         N/A       41%         1

Your spell library contained the following spells:

 Spells                   Type           Power      Damage    Failure   Level
 Ignite Poison            Fire/Tmut/Pois 0%         N/A       87%         3


Dungeon Overview and Level Annotations

Branches:
Dungeon (2/15)

Altars:

Annotations:
D:2 Sigmund


Innate Abilities, Weirdness & Mutations

You have a beak for a mouth.
You have claws for feet.


Message History

No target in view!
Okay, then.
As you read the scroll labelled NAADGHO IFIA, it crumbles to dust.
It is a scroll of enchant weapon.
Your +0 trident glows red for a moment.
Something hits you.
Throw: 12 stones
Press: ? - help, Q - select action, (/) - cycle Shift-Dir - straight line, f - you
Okay, then.
Reach: a) +1 trident
Press: ? - help, Dir - move target You reach to attack!
You hit something. Something hits you!
Reach: a) +1 trident
Press: ? - help, Dir - move target You reach to attack!
You hit something but do no damage.
Reach: a) +1 trident
Press: ? - help, Dir - move target You reach to attack!
You hit something. Something completely misses you.
Reach: a) +1 trident
Press: ? - help, Dir - move target You reach to attack!
You closely miss something. Something hits you.
Reach: a) +1 trident
Press: ? - help, Dir - move target You reach to attack!
You puncture something!
Reach: a) +1 trident
Press: ? - help, Dir - move target You reach to attack!
You miss something. Something hits you.
Reach: a) +1 trident
Press: ? - help, Dir - move target You reach to attack!
You hit something.
A magic dart appears from out of thin air!
The magic dart hits you.
Reach: a) +1 trident
Press: ? - help, Dir - move target, f - you
Okay, then.
It was a potion of degeneration.
There was something very wrong with that liquid.
You feel weakened.
You feel dopey.
You feel clumsy. Something hits you!
Ouch! That really hurt!
You die...

#..<....#
#.##.##.#
#.......#
####.#### #.#
#.# ######
#.# .....##
#.####.{....#
#....@......#
######......#
.......
.####.# .# #
.. ##


There were no monsters in sight!

Vanquished Creatures
  2 adders (D:2)
  A dart slug (D:1)
  3 bats (D:1)
  5 endoplasms
  3 giant cockroaches (D:1)
  3 goblins
  A hobgoblin (D:1)
  12 jackals
  5 quokkas
  6 ball pythons
  2 rats (D:1)
43 creatures vanquished.

Notes
Turn   | Place    | Note
-------+----------+-------------------------------------------
     0 | D:1      | Manisia the Tengu Wanderer began the quest for the Orb.
     0 | D:1      | Manisia set off with the following items: a +0 trident, a
                  | +0 buckler, a scroll of vulnerability, a +0 leather armour;
                  | and the following spell memorised: Beastly Appendage; and
                  | the following spells available to memorise: Ignite Poison.
     0 | D:1      | Reached XP level 1. HP: 12/12 MP: 3/3
    99 | D:1      | Reached XP level 2. HP: 17/17 MP: 4/4
   269 | D:1      | Reached XP level 3. HP: 21/21 MP: 5/5
   598 | D:2      | Reached skill level 3 in Polearms
   677 | D:2      | Reached XP level 4. HP: 19/27 MP: 6/6
   793 | D:2      | Noticed Sigmund
   807 | D:2      | Slain by Sigmund

Illustrated notes

Levels and vault maps discovered:
D:1:      tarquinn_simple_flora_water_d, layout_basic
D:2:      layout_loops_cross, uniq_sigmund

Skill      XL: |  1  2  3 |
---------------+----------+-----
Polearms       | 3 |  3.3
Fighting       | |  2.6
Armour         | |  2.8
Dodging        | |  0.4
Stealth        | |  0.8
Shields        | |  2.3
Spellcasting   | |  1.0
Transmutations | |  1.0

Action                   |  1- 3 |  4- 6 || total
-------------------------+-------+-------++-------
Melee: Trident           |    77 |    26 ||   103
       Peck              |     7 |     3 ||    10
       Kick              |    19 |     4 ||    23
  Use: Scroll            |     3 |     1 ||     4
       Potion            |       |     1 ||     1
 Stab: Sleeping          |     4 |     1 ||     5
Armor: Leather armour    |    18 |     2 ||    20
Dodge: Dodged            |    31 |     7 ||    38
Block: Buckler           |    17 |     2 ||    19

Table legend: (Time is in decaauts)
 A = Elapsed time spent in this place.
 B = Non-inter-level travel time spent in this place.
 C = Inter-level travel time spent in this place.
 D = Time resting spent in this place.
 E = Time spent auto-exploring this place.
 F = Levels seen in this place.
 G = Mean time per level.
                   A        B        C        D        E       F      G
               +--------+--------+--------+--------+--------+-----+--------+
         Total |    827 |    812 |     15 |      8 |    572 |   2 |  413.5 |
       Dungeon |    827 |    812 |     15 |      8 |    572 |   2 |  413.5 |
               +--------+--------+--------+--------+--------+-----+--------+

Top non-repeatable levels by time:
     D:1: 603 daAuts
     D:2: 223 daAuts
